Maple Leafs vs Avalanche
Created - December 15, 2024 at 19:29
Goals
|
Maple Leafs |
2 |
1 |
1 |
4 |
Avalanche |
1 |
1 |
1 |
3 |
|
Shots
|
Maple Leafs |
8 |
11 |
11 |
30 |
Avalanche |
12 |
9 |
11 |
32 |
|
1st period
1. Avalanche , Anthony Duclair 3 (Bryan Little 15, Nick Cousins 9) at 3:40
2. Maple Leafs , Evander Kane 15 (Elias Pettersson 10, Andre Burakovsky 19) at 13:42
3. Maple Leafs , William Nylander 7 (Bo Horvat 16, Jason Zucker 5) at 16:04
Penalties :
No Penalty
2nd period
4. Maple Leafs , Elias Pettersson 13 (Evander Kane 25, Luke Schenn 3) at 7:05
5. Avalanche , Jean-Gabriel Pageau 11 (Kyle Clifford 15, Stefan Elliott 6) at 9:01
Penalties :
No Penalty
3rd period
6. Avalanche , Patric Hornqvist 5 (Jean-Gabriel Pageau 10) at 1:41
7. Maple Leafs , Valentin Zykov 2 (Elias Lindholm 7, Jon Merrill 7) at 2:56
Penalties :
Jean-Gabriel Pageau (Col) for Hooking (Minor) at 5:20, Jean-Gabriel Pageau (Col) for Unsportsmanlike conduct (Minor) at 11:57, Evander Kane (TOR) for Cross-checking (Minor) at 18:03
Goalie Stats
Carter Hutton (TOR), 29 saves from 32 shots - (0.906), W, 3-3-0, 60:00 minutes
Semyon Varlamov (Col), 26 saves from 30 shots - (0.867), L, 2-3-1, 60:00 minutes
Players Stats for Maple Leafs
Player Name G A P +/- PIM S H SB GA TA FO MP PP MP PK MP
------------------------------------------------------------------------------------
Andre Burakovsky 0 1 1 1 0 3 1 0 1 0 0/2 21:46 0:48 0:00
Bo Horvat 0 1 1 1 0 1 0 0 1 0 12/21 16:29 2:24 0:35
Brandon Saad 0 0 0 0 0 3 0 0 0 0 0/0 10:14 0:44 0:56
Brendan Guhle 0 0 0 0 0 0 1 2 0 0 0/0 13:29 0:00 0:54
Elias Lindholm 0 1 1 -1 0 1 1 0 0 0 3/8 12:00 0:51 0:00
Elias Pettersson 1 1 2 1 0 2 1 1 2 0 8/22 22:14 0:43 0:25
Evander Kane 1 1 2 1 2 5 2 0 0 0 1/1 21:45 0:48 0:00
Haydn Fleury 0 0 0 0 0 0 0 1 1 0 0/0 13:37 0:00 1:02
Jason Zucker 0 1 1 1 0 4 0 1 0 0 1/1 16:42 2:26 0:51
John Klingberg 0 0 0 0 0 0 1 2 1 1 0/0 22:55 1:13 0:00
Jon Merrill 0 1 1 1 0 0 0 1 0 1 0/0 23:36 2:45 1:02
Luke Schenn 0 1 1 1 0 2 0 1 0 0 0/0 19:18 2:45 0:54
Nicholas Baptiste 0 0 0 0 0 1 0 0 0 0 0/0 9:18 0:44 0:00
Patrice Cormier 0 0 0 0 0 1 0 0 0 0 2/5 9:17 0:00 0:56
Pontus Aberg 0 0 0 -1 0 0 0 0 0 1 0/1 11:09 0:00 0:00
Valentin Zykov 1 0 1 -1 0 2 1 0 0 0 0/0 11:18 0:00 0:09
William Nylander 1 0 1 1 0 3 1 0 0 0 0/1 15:51 2:26 0:00
Zach Werenski 0 0 0 0 0 2 1 2 0 1 0/0 27:05 1:13 0:00
Players Stats for Avalanche
Player Name G A P +/- PIM S H SB GA TA FO MP PP MP PK MP
------------------------------------------------------------------------------------
Andrei Kuzmenko 0 0 0 -1 0 4 2 0 0 0 0/1 16:18 0:55 0:00
Anthony Duclair 1 0 1 -1 0 2 0 2 0 0 0/0 16:07 0:01 0:14
Bryan Little 0 1 1 -1 0 7 1 2 0 0 3/7 17:07 0:55 0:20
David Rundblad 0 0 0 1 0 1 1 0 0 0 0/0 20:48 1:03 2:16
Drake Caggiula 0 0 0 0 0 0 1 0 0 0 1/4 7:08 0:00 0:06
Erik Karlsson 0 0 0 1 0 1 1 3 1 1 0/0 18:22 0:53 0:00
Jack Johnson 0 0 0 -2 0 0 1 2 0 0 0/0 23:18 0:00 1:42
Jacob Slavin 0 0 0 -2 0 1 1 2 0 0 0/0 23:32 0:53 1:36
Jean-Gabriel Pageau 1 1 2 1 4 2 2 1 1 0 14/24 16:48 1:01 0:00
Joseph Blandisi 0 0 0 0 0 2 0 0 1 1 0/0 7:02 0:00 0:00
Kyle Clifford 0 1 1 1 0 1 3 1 0 1 2/2 18:39 1:01 1:49
Nick Cousins 0 1 1 -1 0 0 0 2 0 1 0/0 16:46 0:54 0:00
Patric Hornqvist 1 0 1 1 0 2 2 0 0 0 1/1 17:32 0:00 1:55
Rickard Rakell 0 0 0 -1 0 4 4 0 0 0 5/6 18:13 1:01 1:37
Ryan Hartman 0 0 0 0 0 0 1 0 0 0 0/0 7:02 0:00 0:00
Ryan O'Reilly 0 0 0 -1 0 3 2 0 0 0 9/17 17:18 0:00 1:55
Stefan Elliott 0 1 1 0 0 1 0 1 0 1 0/0 16:44 1:03 0:40
Vladislav Gavrikov 0 0 0 0 0 1 0 0 1 1 0/0 17:16 0:00 1:42
3 Stars
1 - Elias Pettersson (TOR)
2 - Evander Kane (TOR)
3 - William Nylander (TOR)
Power Play
Maple Leafs - 0 on 2 Attempt(s) - 0.00%
Avalanche - 0 on 1 Attempt(s) - 0.00%
Penalty Kill
Maple Leafs - 1 on 1 Attempt(s) - 100.00%
- Score 0 goal in Penalty Kill
Avalanche - 2 on 2 Attempt(s) - 100.00%
- Score 0 goal in Penalty Kill
Team Stat
Maple Leafs - Hits : 10 - Faceoff Wins : 27 - Blocked Shots : 11 - Penalty Minutes : 2
Avalanche - Hits : 22 - Faceoff Wins : 35 - Blocked Shots : 16 - Penalty Minutes : 4
Official
Referees : Trevor Hanson and Tim Peel
Linesman : Derek Nansen and Brad Kovachik
Game Notes
No Game Note
Finance
Level 1 -- Attendance: 5420 (90.33%) -- Ticket Income $542,000
Level 2 -- Attendance: 4626 (92.52%) -- Ticket Income $323,820
Level 3 -- Attendance: 1983 (99.15%) -- Ticket Income $79,320
Level 4 -- Attendance: 4000 (100.00%) -- Ticket Income $120,000
Luxury Box -- Attendance: 904 (90.40%) -- Ticket Income $180,800
Game was played at the Pepsi Center.
Total Attendance: 16933 (94.07%)
Total Ticket Income: $1,245,940
Other Income: $186,891
Total Income: $1,432,831
Maple Leafs
5 vs 5 Forward
Center Left Wing Right Wing Time % Phy DF OF
1 Elias Pettersson Evander Kane Andre Burakovsky 40 1 2 2
2 Bo Horvat Jason Zucker William Nylander 30 1 2 2
3 Elias Lindholm Valentin Zykov Pontus Aberg 20 1 2 2
4 Patrice Cormier Brandon Saad Nicholas Baptiste 10 1 2 2
5 vs 5 Defense
Defense Defense Time % Phy DF OF
1 Zach Werenski John Klingberg 40 1 2 2
2 Jon Merrill Luke Schenn 30 1 2 2
3 Haydn Fleury Brendan Guhle 20 1 2 2
4 Zach Werenski Jon Merrill 10 1 2 2
PowerPlay Forward
Center Left Wing Right Wing Time % Phy DF OF
1 Bo Horvat Evander Kane Andre Burakovsky 60 1 2 2
2 Elias Pettersson Jason Zucker William Nylander 40 1 2 2
PowerPlay Defense
Defense Defense Time % Phy DF OF
1 Zach Werenski John Klingberg 60 1 2 2
2 Jon Merrill Luke Schenn 40 1 2 2
Penalty Kill 4 Players Forward
Center Wing Time % Phy DF OF
1 Patrice Cormier Brandon Saad 60 1 2 2
2 Bo Horvat Evander Kane 40 1 2 2
Penalty Kill 4 Players Defense
Defense Defense Time % Phy DF OF
1 Haydn Fleury Jon Merrill 60 1 2 2
2 Brendan Guhle Luke Schenn 40 1 2 2
Penalty Kill - 3 Players Forward
Forward Time % Phy DF OF
1 Evander Kane 60 1 2 2
2 Bo Horvat 40 1 2 2
Penalty Kill - 3 Players Defense
Defense Defense Time % Phy DF OF
1 Haydn Fleury Jon Merrill 60 1 2 2
2 Brendan Guhle Luke Schenn 40 1 2 2
4 vs 4 Forward
Center Wing Time % Phy DF OF
1 Bo Horvat Evander Kane 60 1 2 2
2 Elias Pettersson Andre Burakovsky 40 1 2 2
4 vs 4 Defense
Defense Defense Time % Phy DF OF
1 Zach Werenski Jon Merrill 60 1 2 2
2 John Klingberg Luke Schenn 40 1 2 2
Last Minutes Offensive
Center Left Wing Right Wing Defense Defense
Bo Horvat Evander Kane Andre Burakovsky Zach Werenski John Klingberg
Last Minutes Defensive
Center Left Wing Right Wing Defense Defense
Patrice Cormier Evander Kane Andre Burakovsky Jon Merrill Haydn Fleury
Goaltenders
Starting : Carter Hutton
Backup : Kristers Gudlevskis
Extra Forwards
Normal : William Nylander, Elias Pettersson, Evander Kane - PP : William Nylander, Jason Zucker - PK : Bo Horvat
Extra Defensemen
Normal : Haydn Fleury, Zach Werenski, John Klingberg - PP : Haydn Fleury - PK : Brendan Guhle, John Klingberg
Penalty Shots
Evander Kane, Elias Pettersson, Andre Burakovsky, Bo Horvat, Jason Zucker
Custom OT Lines Forwards
Evander Kane, Bo Horvat, Andre Burakovsky, William Nylander, Elias Pettersson, Jason Zucker, Elias Lindholm, Brandon Saad, Valentin Zykov, Pontus Aberg
Custom OT Lines Defensemen
Zach Werenski, Jon Merrill, John Klingberg, Luke Schenn, Haydn Fleury
Scratches
None
Avalanche
5 vs 5 Forward
Center Left Wing Right Wing Time % Phy DF OF
1 Jean-Gabriel Pageau Kyle Clifford Patric Hornqvist 31 1 2 2
2 Ryan O'Reilly Andrei Kuzmenko Rickard Rakell 31 1 2 2
3 Bryan Little Anthony Duclair Nick Cousins 27 1 2 2
4 Drake Caggiula Joseph Blandisi Ryan Hartman 11 1 2 2
5 vs 5 Defense
Defense Defense Time % Phy DF OF
1 Jack Johnson Jacob Slavin 38 1 2 2
2 Erik Karlsson David Rundblad 30 1 2 2
3 Vladislav Gavrikov Stefan Elliott 28 1 2 2
4 Jack Johnson Jacob Slavin 4 1 2 2
PowerPlay Forward
Center Left Wing Right Wing Time % Phy DF OF
1 Jean-Gabriel Pageau Kyle Clifford Rickard Rakell 50 0 1 4
2 Bryan Little Andrei Kuzmenko Nick Cousins 50 0 1 4
PowerPlay Defense
Defense Defense Time % Phy DF OF
1 Jacob Slavin Erik Karlsson 50 0 2 3
2 Stefan Elliott David Rundblad 50 0 2 3
Penalty Kill 4 Players Forward
Center Wing Time % Phy DF OF
1 Jean-Gabriel Pageau Kyle Clifford 50 1 3 1
2 Ryan O'Reilly Patric Hornqvist 50 1 3 1
Penalty Kill 4 Players Defense
Defense Defense Time % Phy DF OF
1 Jacob Slavin David Rundblad 50 1 3 1
2 Jack Johnson Vladislav Gavrikov 50 1 3 1
Penalty Kill - 3 Players Forward
Forward Time % Phy DF OF
1 Kyle Clifford 55 1 4 0
2 Jean-Gabriel Pageau 45 1 4 0
Penalty Kill - 3 Players Defense
Defense Defense Time % Phy DF OF
1 Jacob Slavin David Rundblad 50 1 4 0
2 Jack Johnson Vladislav Gavrikov 50 1 4 0
4 vs 4 Forward
Center Wing Time % Phy DF OF
1 Jean-Gabriel Pageau Kyle Clifford 50 1 2 2
2 Ryan O'Reilly Andrei Kuzmenko 50 1 2 2
4 vs 4 Defense
Defense Defense Time % Phy DF OF
1 Jacob Slavin Vladislav Gavrikov 55 1 2 2
2 Jack Johnson David Rundblad 45 1 2 2
Last Minutes Offensive
Center Left Wing Right Wing Defense Defense
Jean-Gabriel Pageau Anthony Duclair Patric Hornqvist Erik Karlsson Jacob Slavin
Last Minutes Defensive
Center Left Wing Right Wing Defense Defense
Jean-Gabriel Pageau Kyle Clifford Rickard Rakell Jacob Slavin Jack Johnson
Goaltenders
Starting : Semyon Varlamov
Backup : Robin Lehner
Extra Forwards
Normal : Drake Caggiula, Joseph Blandisi, Ryan Hartman - PP : Anthony Duclair, Ryan O'Reilly - PK : Rickard Rakell
Extra Defensemen
Normal : Vladislav Gavrikov, Stefan Elliott, David Rundblad - PP : Vladislav Gavrikov - PK : Stefan Elliott, Erik Karlsson
Penalty Shots
Andrei Kuzmenko, Anthony Duclair, Bryan Little, Patric Hornqvist, Kyle Clifford
Custom OT Lines Forwards
Kyle Clifford, Jean-Gabriel Pageau, Bryan Little, Patric Hornqvist, Rickard Rakell, Ryan O'Reilly, Andrei Kuzmenko, Nick Cousins, Ryan Hartman, Anthony Duclair
Custom OT Lines Defensemen
Jacob Slavin, Erik Karlsson, Jack Johnson, David Rundblad, Stefan Elliott
Scratches
Jarred Tinordi (Healthy), Luke Witkowski (Healthy)
% Time on Ice - Maple Leafs
Lines # - Real PCT - Wanted PCT - Time Play
Normal Forward
1 - 39% - 40% - 21:11
2 - 25% - 30% - 13:25
3 - 21% - 20% - 11:09
4 - 15% - 10% - 8:21
Normal Defense
1 - 40% - 40% - 21:42
2 - 29% - 30% - 15:39
3 - 23% - 20% - 12:35
4 - 8% - 10% - 4:10
PP Forward
1 - 39% - 60% - 1:32
2 - 61% - 40% - 2:26
PP Defense
1 - 31% - 60% - 1:13
2 - 69% - 40% - 2:45
PK Forward
1 - 85% - 60% - 1:39
2 - 15% - 40% - 0:17
PK Defense
1 - 53% - 60% - 1:02
2 - 47% - 40% - 0:54
PK3 Forward
1 - 0% - 60%
2 - 0% - 40%
PK3 Defense
1 - 0% - 60%
2 - 0% - 40%
44 Forward
1 - 0% - 60%
2 - 0% - 40%
44 Defense
1 - 0% - 60%
2 - 0% - 40%
Last Minute Offensive - 0:00
Last Minute Defensive - 0:00
Total
Forward - 60:00
Defense - 60:00
|
% Time on Ice - Avalanche
Lines # - Real PCT - Wanted PCT - Time Play
Normal Forward
1 - 29% - 31% - 15:49
2 - 28% - 31% - 15:23
3 - 29% - 27% - 15:52
4 - 13% - 11% - 7:02
Normal Defense
1 - 36% - 38% - 19:25
2 - 33% - 30% - 18:02
3 - 28% - 28% - 15:01
4 - 3% - 4% - 1:38
PP Forward
1 - 53% - 50% - 1:01
2 - 47% - 50% - 0:55
PP Defense
1 - 46% - 50% - 0:53
2 - 54% - 50% - 1:03
PK Forward
1 - 52% - 50% - 2:03
2 - 48% - 50% - 1:55
PK Defense
1 - 57% - 50% - 2:16
2 - 43% - 50% - 1:42
PK3 Forward
1 - 0% - 55%
2 - 0% - 45%
PK3 Defense
1 - 0% - 50%
2 - 0% - 50%
44 Forward
1 - 0% - 50%
2 - 0% - 50%
44 Defense
1 - 0% - 55%
2 - 0% - 45%
Last Minute Offensive - 0:00
Last Minute Defensive - 0:00
Total
Forward - 60:00
Defense - 60:00
|
Play-by-Play
1st period
0:01 of 1st period - Jean-Gabriel Pageau wins face-off versus Elias Pettersson in neutral zone.
0:04 of 1st period - Slapshot by Patric Hornqvist.
0:04 of 1st period - Deflect By Elias Pettersson.
0:04 of 1st period - Shot Blocked by Elias Pettersson.
0:04 of 1st period - Puck is out of play.
0:05 of 1st period - Kyle Clifford wins face-off versus Elias Pettersson in Maple Leafs zone.
0:17 of 1st period - Icing by Andre Burakovsky.
0:18 of 1st period - Elias Pettersson wins face-off versus Ryan O'Reilly in Maple Leafs zone.
0:29 of 1st period - Snap shot by Zach Werenski.
0:29 of 1st period - Shot Blocked by Erik Karlsson.
0:56 of 1st period - Slapshot by Erik Karlsson.
0:56 of 1st period - Stopped by Carter Hutton without a rebound.
0:57 of 1st period - Elias Lindholm wins face-off versus Drake Caggiula in Maple Leafs zone.
1:08 of 1st period - Joseph Blandisi is hit by Brendan Guhle and loses puck.
1:15 of 1st period - Brendan Guhle is hit by Ryan Hartman and loses puck.
3:02 of 1st period - Slapshot by Jason Zucker.
3:02 of 1st period - Stopped by Semyon Varlamov without a rebound.
3:03 of 1st period - Jean-Gabriel Pageau wins face-off versus Pontus Aberg in Avalanche zone.
3:08 of 1st period - John Klingberg is hit by Erik Karlsson and loses puck.
3:40 of 1st period - Snap shot by Anthony Duclair.
3:40 of 1st period - Goal by Anthony Duclair - Maple Leafs : 0 - Avalanche : 1.
3:41 of 1st period - Jason Zucker wins face-off versus Ryan O'Reilly in neutral zone.
3:58 of 1st period - Slapshot by Andrei Kuzmenko.
3:58 of 1st period - Deflect By Rickard Rakell.
3:58 of 1st period - Stopped by Carter Hutton without a rebound.
3:59 of 1st period - Patric Hornqvist wins face-off versus Andre Burakovsky in Maple Leafs zone.
4:37 of 1st period - Slapshot by Nick Cousins.
4:37 of 1st period - Shot Misses the Net.
5:21 of 1st period - Snap shot by Joseph Blandisi.
5:21 of 1st period - Deflect By Ryan Hartman.
5:21 of 1st period - Shot Misses the Net.
5:21 of 1st period - Puck is out of play.
5:22 of 1st period - Jean-Gabriel Pageau wins face-off versus Elias Pettersson in Maple Leafs zone.
5:32 of 1st period - Off-side.
5:33 of 1st period - Bryan Little wins face-off versus Elias Pettersson in neutral zone.
6:27 of 1st period - Snap shot by Jacob Slavin.
6:27 of 1st period - Shot Misses the Net.
6:29 of 1st period - Slapshot by Jack Johnson.
6:29 of 1st period - Shot Blocked by John Klingberg.
6:31 of 1st period - Slapshot by Jacob Slavin.
6:31 of 1st period - Deflect By Joseph Blandisi.
6:31 of 1st period - Shot Misses the Net.
6:31 of 1st period - Puck is out of play.
6:32 of 1st period - Ryan O'Reilly wins face-off versus Elias Pettersson in Maple Leafs zone.
7:03 of 1st period - Wrist shot by William Nylander.
7:03 of 1st period - Deflect By Bo Horvat.
7:03 of 1st period - Shot Blocked by Bryan Little.
7:03 of 1st period - Puck is out of play.
7:04 of 1st period - Bo Horvat wins face-off versus Bryan Little in Avalanche zone.
7:35 of 1st period - Wrist shot by Jean-Gabriel Pageau.
7:35 of 1st period - Shot Blocked by Brendan Guhle.
7:37 of 1st period - Wrist shot by Erik Karlsson.
7:37 of 1st period - Shot Misses the Net.
8:19 of 1st period - Slapshot by Valentin Zykov.
8:19 of 1st period - Shot Misses the Net.
8:21 of 1st period - Snap shot by Elias Lindholm.
8:21 of 1st period - Shot Blocked by Jack Johnson.
8:23 of 1st period - Backhand shot by Haydn Fleury.
8:23 of 1st period - Shot Blocked by Jacob Slavin.
8:25 of 1st period - Snap shot by Elias Lindholm.
8:25 of 1st period - Stopped by Semyon Varlamov without a rebound.
8:26 of 1st period - Jean-Gabriel Pageau wins face-off versus Elias Pettersson in Avalanche zone.
8:59 of 1st period - Snap shot by William Nylander.
8:59 of 1st period - Stopped by Semyon Varlamov with a rebound.
9:25 of 1st period - Wrist shot by Bryan Little.
9:25 of 1st period - Stopped by Carter Hutton without a rebound.
9:26 of 1st period - Evander Kane wins face-off versus Jean-Gabriel Pageau in Maple Leafs zone.
9:43 of 1st period - Wrist shot by Kyle Clifford.
9:43 of 1st period - Shot Blocked by John Klingberg.
9:53 of 1st period - William Nylander is hit by Ryan O'Reilly and loses puck.
10:20 of 1st period - Anthony Duclair is hit by John Klingberg and loses puck.
11:49 of 1st period - Snap shot by William Nylander.
11:49 of 1st period - Stopped by Semyon Varlamov without a rebound.
11:50 of 1st period - Kyle Clifford wins face-off versus Elias Pettersson in Avalanche zone.
13:12 of 1st period - Snap shot by Rickard Rakell.
13:12 of 1st period - Shot Blocked by Zach Werenski.
13:14 of 1st period - Slapshot by Ryan O'Reilly.
13:14 of 1st period - Shot Misses the Net.
13:18 of 1st period - Snap shot by Andrei Kuzmenko.
13:18 of 1st period - Stopped by Carter Hutton with a rebound.
13:42 of 1st period - Snap shot by Evander Kane.
13:42 of 1st period - Goal by Evander Kane - Maple Leafs : 1 - Avalanche : 1.
13:43 of 1st period - Jean-Gabriel Pageau wins face-off versus Bo Horvat in neutral zone.
13:48 of 1st period - Wrist shot by Patric Hornqvist.
13:48 of 1st period - Deflect By Jean-Gabriel Pageau.
13:48 of 1st period - Shot Misses the Net.
13:48 of 1st period - Puck is out of play.
13:49 of 1st period - Bo Horvat wins face-off versus Jean-Gabriel Pageau in Maple Leafs zone.
14:02 of 1st period - Snap shot by Jean-Gabriel Pageau.
14:02 of 1st period - Stopped by Carter Hutton without a rebound.
14:03 of 1st period - Bryan Little wins face-off versus Elias Lindholm in Maple Leafs zone.
14:12 of 1st period - Backhand shot by Bryan Little.
14:12 of 1st period - Stopped by Carter Hutton with a rebound.
14:14 of 1st period - Wrist shot by Anthony Duclair.
14:14 of 1st period - Stopped by Carter Hutton with a rebound.
15:16 of 1st period - Wrist shot by Rickard Rakell.
15:16 of 1st period - Stopped by Carter Hutton with a rebound.
15:18 of 1st period - Wrist shot by Andrei Kuzmenko.
15:18 of 1st period - Stopped by Carter Hutton with a rebound.
15:22 of 1st period - Snap shot by Andrei Kuzmenko.
15:22 of 1st period - Shot Misses the Net.
15:44 of 1st period - Wrist shot by Bryan Little.
15:44 of 1st period - Stopped by Carter Hutton with a rebound.
15:51 of 1st period - Icing by Brendan Guhle.
15:52 of 1st period - Bo Horvat wins face-off versus Jean-Gabriel Pageau in Maple Leafs zone.
15:52 of 1st period - Bo Horvat is hit by Jean-Gabriel Pageau.
16:00 of 1st period - Wrist shot by Jason Zucker.
16:00 of 1st period - Shot Misses the Net.
16:02 of 1st period - Slapshot by Bo Horvat.
16:02 of 1st period - Shot Misses the Net.
16:04 of 1st period - Snap shot by William Nylander.
16:04 of 1st period - Goal by William Nylander - Maple Leafs : 2 - Avalanche : 1.
16:05 of 1st period - Elias Pettersson wins face-off versus Jean-Gabriel Pageau in neutral zone.
16:12 of 1st period - Snap shot by Andre Burakovsky.
16:12 of 1st period - Shot Blocked by Jean-Gabriel Pageau.
16:14 of 1st period - Wrist shot by Andre Burakovsky.
16:14 of 1st period - Stopped by Semyon Varlamov without a rebound.
16:15 of 1st period - Jean-Gabriel Pageau wins face-off versus Elias Pettersson in Avalanche zone.
16:20 of 1st period - Elias Pettersson is hit by Patric Hornqvist.
17:04 of 1st period - Snap shot by Andre Burakovsky.
17:04 of 1st period - Shot Misses the Net.
17:06 of 1st period - Wrist shot by Andre Burakovsky.
17:06 of 1st period - Stopped by Semyon Varlamov with a rebound.
17:08 of 1st period - Backhand shot by Zach Werenski.
17:08 of 1st period - Deflect By Andre Burakovsky.
17:08 of 1st period - Shot Blocked by Erik Karlsson.
17:08 of 1st period - Puck is out of play.
17:09 of 1st period - Bo Horvat wins face-off versus Bryan Little in Avalanche zone.
17:42 of 1st period - Off-side.
17:43 of 1st period - Ryan O'Reilly wins face-off versus Elias Lindholm in neutral zone.
17:46 of 1st period - Pontus Aberg is hit by Rickard Rakell and loses puck.
17:59 of 1st period - Snap shot by Rickard Rakell.
17:59 of 1st period - Stopped by Carter Hutton with a rebound.
18:01 of 1st period - Slapshot by Stefan Elliott.
18:01 of 1st period - Deflect By Ryan O'Reilly.
18:01 of 1st period - Shot Blocked by Haydn Fleury.
18:01 of 1st period - Puck is out of play.
18:02 of 1st period - Bo Horvat wins face-off versus Bryan Little in Maple Leafs zone.
18:30 of 1st period - Jack Johnson is hit by Evander Kane and loses puck.
19:45 of 1st period - Snap shot by Joseph Blandisi.
19:45 of 1st period - Shot Misses the Net.
Goals for this period are 2 for Maple Leafs vs 1 for Avalanche.
Shots for this period are 8 for Maple Leafs vs 12 for Avalanche.
2nd period
0:01 of 2nd period - Elias Pettersson wins face-off versus Andrei Kuzmenko in neutral zone.
0:26 of 2nd period - Jon Merrill is hit by Kyle Clifford and loses puck.
0:46 of 2nd period - Snap shot by Andre Burakovsky.
0:46 of 2nd period - Shot Misses the Net.
0:48 of 2nd period - Wrist shot by Evander Kane.
0:48 of 2nd period - Stopped by Semyon Varlamov with a rebound.
0:50 of 2nd period - Snap shot by Luke Schenn.
0:50 of 2nd period - Stopped by Semyon Varlamov without a rebound.
0:51 of 2nd period - Bryan Little wins face-off versus Bo Horvat in Avalanche zone.
1:02 of 2nd period - Slapshot by John Klingberg.
1:02 of 2nd period - Shot Blocked by Nick Cousins.
1:14 of 2nd period - Snap shot by Bryan Little.
1:14 of 2nd period - Stopped by Carter Hutton with a rebound.
1:52 of 2nd period - Slapshot by Jason Zucker.
1:52 of 2nd period - Stopped by Semyon Varlamov without a rebound.
1:53 of 2nd period - Elias Pettersson wins face-off versus Ryan O'Reilly in Avalanche zone.
2:10 of 2nd period - Backhand shot by Andrei Kuzmenko.
2:10 of 2nd period - Shot Misses the Net.
2:20 of 2nd period - Jon Merrill is hit by Patric Hornqvist and loses puck.
2:43 of 2nd period - Brandon Saad is hit by Drake Caggiula and loses puck.
3:04 of 2nd period - Elias Pettersson is hit by Rickard Rakell and loses puck.
4:05 of 2nd period - Snap shot by Brandon Saad.
4:05 of 2nd period - Stopped by Semyon Varlamov without a rebound.
4:06 of 2nd period - Ryan O'Reilly wins face-off versus Patrice Cormier in Avalanche zone.
4:19 of 2nd period - Snap shot by Andrei Kuzmenko.
4:19 of 2nd period - Stopped by Carter Hutton without a rebound.
4:20 of 2nd period - Jean-Gabriel Pageau wins face-off versus Elias Pettersson in Maple Leafs zone.
4:31 of 2nd period - Wrist shot by Evander Kane.
4:31 of 2nd period - Stopped by Semyon Varlamov without a rebound.
4:32 of 2nd period - Ryan O'Reilly wins face-off versus Bo Horvat in Avalanche zone.
4:45 of 2nd period - Snap shot by Rickard Rakell.
4:45 of 2nd period - Stopped by Carter Hutton with a rebound.
4:47 of 2nd period - Snap shot by Rickard Rakell.
4:47 of 2nd period - Shot Misses the Net.
5:43 of 2nd period - Off-side.
5:44 of 2nd period - Drake Caggiula wins face-off versus Patrice Cormier in neutral zone.
5:47 of 2nd period - Slapshot by Jacob Slavin.
5:47 of 2nd period - Stopped by Carter Hutton without a rebound.
5:48 of 2nd period - Patrice Cormier wins face-off versus Drake Caggiula in Maple Leafs zone.
6:07 of 2nd period - Wrist shot by Brandon Saad.
6:07 of 2nd period - Stopped by Semyon Varlamov without a rebound.
6:08 of 2nd period - Ryan O'Reilly wins face-off versus Elias Pettersson in Avalanche zone.
6:08 of 2nd period - Ryan O'Reilly is hit by Andre Burakovsky.
6:14 of 2nd period - Wrist shot by Andre Burakovsky.
6:14 of 2nd period - Shot Misses the Net.
6:22 of 2nd period - Snap shot by Andrei Kuzmenko.
6:22 of 2nd period - Shot Misses the Net.
7:05 of 2nd period - Slapshot by Elias Pettersson.
7:05 of 2nd period - Goal by Elias Pettersson - Maple Leafs : 3 - Avalanche : 1.
7:06 of 2nd period - Ryan O'Reilly wins face-off versus Bo Horvat in neutral zone.
7:11 of 2nd period - Wrist shot by Andrei Kuzmenko.
7:11 of 2nd period - Shot Misses the Net.
7:23 of 2nd period - Snap shot by Andrei Kuzmenko.
7:23 of 2nd period - Stopped by Carter Hutton without a rebound.
7:24 of 2nd period - Elias Lindholm wins face-off versus Jean-Gabriel Pageau in Maple Leafs zone.
7:29 of 2nd period - Jacob Slavin is hit by Valentin Zykov and loses puck.
7:38 of 2nd period - John Klingberg is hit by Kyle Clifford and loses puck.
7:56 of 2nd period - Snap shot by Rickard Rakell.
7:56 of 2nd period - Shot Misses the Net.
8:23 of 2nd period - Snap shot by Ryan Hartman.
8:23 of 2nd period - Shot Blocked by Luke Schenn.
8:41 of 2nd period - Slapshot by Brandon Saad.
8:41 of 2nd period - Stopped by Semyon Varlamov with a rebound.
8:43 of 2nd period - Slapshot by Patrice Cormier.
8:43 of 2nd period - Stopped by Semyon Varlamov with a rebound.
9:01 of 2nd period - Wrist shot by Jean-Gabriel Pageau.
9:01 of 2nd period - Goal by Jean-Gabriel Pageau - Maple Leafs : 3 - Avalanche : 2.
9:02 of 2nd period - Bo Horvat wins face-off versus Jean-Gabriel Pageau in neutral zone.
9:11 of 2nd period - Snap shot by Jason Zucker.
9:11 of 2nd period - Shot Misses the Net.
9:13 of 2nd period - Slapshot by John Klingberg.
9:13 of 2nd period - Deflect By Bo Horvat.
9:13 of 2nd period - Stopped by Semyon Varlamov without a rebound.
9:14 of 2nd period - Ryan O'Reilly wins face-off versus Bo Horvat in Avalanche zone.
12:57 of 2nd period - Slapshot by Stefan Elliott.
12:57 of 2nd period - Stopped by Carter Hutton without a rebound.
12:58 of 2nd period - Bo Horvat wins face-off versus Drake Caggiula in Maple Leafs zone.
13:13 of 2nd period - Wrist shot by Joseph Blandisi.
13:13 of 2nd period - Stopped by Carter Hutton with a rebound.
13:31 of 2nd period - Elias Pettersson is hit by Kyle Clifford and loses puck.
14:21 of 2nd period - Snap shot by Bryan Little.
14:21 of 2nd period - Stopped by Carter Hutton with a rebound.
15:51 of 2nd period - Anthony Duclair is hit by Elias Lindholm and loses puck.
16:11 of 2nd period - Jon Merrill is hit by Jacob Slavin.
16:25 of 2nd period - Wrist shot by Kyle Clifford.
16:25 of 2nd period - Deflect By Jean-Gabriel Pageau.
16:25 of 2nd period - Shot Misses the Net.
16:25 of 2nd period - Puck is out of play.
16:26 of 2nd period - Bo Horvat wins face-off versus Ryan O'Reilly in Maple Leafs zone.
16:26 of 2nd period - Bo Horvat is hit by Rickard Rakell.
16:32 of 2nd period - Slapshot by Luke Schenn.
16:32 of 2nd period - Shot Blocked by Stefan Elliott.
16:38 of 2nd period - Jason Zucker is hit by Andrei Kuzmenko and loses puck.
16:53 of 2nd period - Vladislav Gavrikov is hit by Elias Pettersson and loses puck.
16:58 of 2nd period - Snap shot by Elias Pettersson.
16:58 of 2nd period - Shot Blocked by Kyle Clifford.
17:27 of 2nd period - Snap shot by Pontus Aberg.
17:27 of 2nd period - Shot Misses the Net.
18:20 of 2nd period - Slapshot by Jason Zucker.
18:20 of 2nd period - Stopped by Semyon Varlamov without a rebound.
18:21 of 2nd period - Elias Pettersson wins face-off versus Ryan O'Reilly in Avalanche zone.
18:24 of 2nd period - Wrist shot by Elias Pettersson.
18:24 of 2nd period - Shot Misses the Net.
19:11 of 2nd period - Slapshot by Zach Werenski.
19:11 of 2nd period - Shot Blocked by Erik Karlsson.
Goals for this period are 1 for Maple Leafs vs 1 for Avalanche.
Shots for this period are 11 for Maple Leafs vs 9 for Avalanche.
3rd period
0:01 of 3rd period - Jean-Gabriel Pageau wins face-off versus Andre Burakovsky in neutral zone.
0:31 of 3rd period - Andre Burakovsky is hit by Bryan Little and loses puck.
0:56 of 3rd period - Snap shot by Ryan O'Reilly.
0:56 of 3rd period - Stopped by Carter Hutton with a rebound.
0:58 of 3rd period - Snap shot by Vladislav Gavrikov.
0:58 of 3rd period - Stopped by Carter Hutton with a rebound.
1:27 of 3rd period - Off-side.
1:28 of 3rd period - Jean-Gabriel Pageau wins face-off versus Elias Lindholm in neutral zone.
1:41 of 3rd period - Slapshot by Patric Hornqvist.
1:41 of 3rd period - Goal by Patric Hornqvist - Maple Leafs : 3 - Avalanche : 3.
1:42 of 3rd period - Elias Pettersson wins face-off versus Jean-Gabriel Pageau in neutral zone.
1:53 of 3rd period - Snap shot by Kyle Clifford.
1:53 of 3rd period - Stopped by Carter Hutton with a rebound.
1:57 of 3rd period - Snap shot by Kyle Clifford.
1:57 of 3rd period - Deflect By Patric Hornqvist.
1:57 of 3rd period - Shot Blocked by Brendan Guhle.
1:57 of 3rd period - Puck is out of play.
1:58 of 3rd period - Ryan O'Reilly wins face-off versus William Nylander in Maple Leafs zone.
1:59 of 3rd period - Slapshot by Andrei Kuzmenko.
1:59 of 3rd period - Deflect By Rickard Rakell.
1:59 of 3rd period - Shot Blocked by Jason Zucker.
1:59 of 3rd period - Puck is out of play.
2:00 of 3rd period - Bo Horvat wins face-off versus Ryan O'Reilly in Maple Leafs zone.
2:00 of 3rd period - Bo Horvat is hit by Ryan O'Reilly.
2:46 of 3rd period - Wrist shot by Pontus Aberg.
2:46 of 3rd period - Shot Misses the Net.
2:48 of 3rd period - Snap shot by Luke Schenn.
2:48 of 3rd period - Shot Misses the Net.
2:56 of 3rd period - Slapshot by Valentin Zykov.
2:56 of 3rd period - Goal by Valentin Zykov - Maple Leafs : 4 - Avalanche : 3.
2:57 of 3rd period - Ryan O'Reilly wins face-off versus Elias Pettersson in neutral zone.
3:09 of 3rd period - Icing by Zach Werenski.
3:10 of 3rd period - Jean-Gabriel Pageau wins face-off versus Elias Pettersson in Maple Leafs zone.
3:35 of 3rd period - John Klingberg is hit by Rickard Rakell and loses puck.
4:04 of 3rd period - Snap shot by Andre Burakovsky.
4:04 of 3rd period - Shot Blocked by Anthony Duclair.
4:24 of 3rd period - Snap shot by Elias Pettersson.
4:24 of 3rd period - Shot Blocked by Bryan Little.
4:26 of 3rd period - Snap shot by Zach Werenski.
4:26 of 3rd period - Shot Misses the Net.
4:28 of 3rd period - Slapshot by Evander Kane.
4:28 of 3rd period - Stopped by Semyon Varlamov with a rebound.
5:03 of 3rd period - Snap shot by Andre Burakovsky.
5:03 of 3rd period - Stopped by Semyon Varlamov without a rebound.
5:04 of 3rd period - Bo Horvat wins face-off versus Jean-Gabriel Pageau in Avalanche zone.
5:15 of 3rd period - Luke Schenn is hit by Jean-Gabriel Pageau.
5:20 of 3rd period - Minor Penalty to Jean-Gabriel Pageau for Hooking.
5:21 of 3rd period - Rickard Rakell wins face-off versus Bo Horvat in Avalanche zone.
5:32 of 3rd period - Slapshot by Bo Horvat.
5:32 of 3rd period - Shot Misses the Net.
5:34 of 3rd period - Slapshot by Luke Schenn.
5:34 of 3rd period - Stopped by Semyon Varlamov without a rebound.
5:35 of 3rd period - Rickard Rakell wins face-off versus Bo Horvat in Avalanche zone.
5:46 of 3rd period - Snap shot by Jason Zucker.
5:46 of 3rd period - Shot Misses the Net.
5:48 of 3rd period - Snap shot by Jason Zucker.
5:48 of 3rd period - Stopped by Semyon Varlamov without a rebound.
5:49 of 3rd period - Elias Pettersson wins face-off versus Rickard Rakell in Avalanche zone.
6:08 of 3rd period - Snap shot by Ryan O'Reilly.
6:08 of 3rd period - Stopped by Carter Hutton with a rebound.
6:14 of 3rd period - Ryan O'Reilly is hit by Evander Kane and loses puck.
7:20 of 3rd period - Penalty to Jean-Gabriel Pageau is over, Jean-Gabriel Pageau is back on ice.
7:24 of 3rd period - Icing by Nicholas Baptiste.
7:25 of 3rd period - Bo Horvat wins face-off versus Bryan Little in Maple Leafs zone.
7:37 of 3rd period - Snap shot by Bryan Little.
7:37 of 3rd period - Stopped by Carter Hutton with a rebound.
7:39 of 3rd period - Backhand shot by Bryan Little.
7:39 of 3rd period - Shot Misses the Net.
7:41 of 3rd period - Wrist shot by Bryan Little.
7:41 of 3rd period - Stopped by Carter Hutton without a rebound.
7:42 of 3rd period - Elias Lindholm wins face-off versus Ryan O'Reilly in Maple Leafs zone.
7:57 of 3rd period - Wrist shot by Ryan O'Reilly.
7:57 of 3rd period - Stopped by Carter Hutton without a rebound.
7:58 of 3rd period - Bo Horvat wins face-off versus Jean-Gabriel Pageau in Maple Leafs zone.
7:58 of 3rd period - Bo Horvat is hit by Jack Johnson.
8:08 of 3rd period - Snap shot by Patric Hornqvist.
8:08 of 3rd period - Stopped by Carter Hutton with a rebound.
8:10 of 3rd period - Snap shot by Kyle Clifford.
8:10 of 3rd period - Shot Misses the Net.
8:51 of 3rd period - Luke Schenn is hit by David Rundblad and loses puck.
9:32 of 3rd period - Slapshot by John Klingberg.
9:32 of 3rd period - Shot Misses the Net.
10:02 of 3rd period - Snap shot by Joseph Blandisi.
10:02 of 3rd period - Stopped by Carter Hutton with a rebound.
10:22 of 3rd period - Jack Johnson is hit by Zach Werenski and loses puck.
10:27 of 3rd period - Wrist shot by Andre Burakovsky.
10:27 of 3rd period - Shot Misses the Net.
10:29 of 3rd period - Slapshot by John Klingberg.
10:29 of 3rd period - Shot Blocked by Jack Johnson.
10:31 of 3rd period - Slapshot by John Klingberg.
10:31 of 3rd period - Shot Blocked by Jacob Slavin.
10:33 of 3rd period - Slapshot by Evander Kane.
10:33 of 3rd period - Stopped by Semyon Varlamov with a rebound.
10:35 of 3rd period - Snap shot by Zach Werenski.
10:35 of 3rd period - Deflect By Jack Johnson.
10:35 of 3rd period - Stopped by Semyon Varlamov with a rebound.
10:37 of 3rd period - Snap shot by Zach Werenski.
10:37 of 3rd period - Stopped by Semyon Varlamov with a rebound.
11:31 of 3rd period - Snap shot by Evander Kane.
11:31 of 3rd period - Shot Blocked by Nick Cousins.
11:33 of 3rd period - Slapshot by John Klingberg.
11:33 of 3rd period - Shot Blocked by Anthony Duclair.
11:47 of 3rd period - Wrist shot by Elias Pettersson.
11:47 of 3rd period - Stopped by Semyon Varlamov without a rebound.
11:48 of 3rd period - Jean-Gabriel Pageau wins face-off versus Bo Horvat in Avalanche zone.
11:48 of 3rd period - Jean-Gabriel Pageau is hit by William Nylander.
11:57 of 3rd period - Minor Penalty to Jean-Gabriel Pageau for Unsportsmanlike conduct.
11:58 of 3rd period - Rickard Rakell wins face-off versus Bo Horvat in Avalanche zone.
13:23 of 3rd period - Icing by Luke Schenn.
13:24 of 3rd period - Rickard Rakell wins face-off versus Elias Lindholm in Maple Leafs zone.
13:31 of 3rd period - Wrist shot by Anthony Duclair.
13:31 of 3rd period - Shot Blocked by Jon Merrill.
13:53 of 3rd period - Slapshot by David Rundblad.
13:53 of 3rd period - Stopped by Carter Hutton without a rebound.
13:54 of 3rd period - Rickard Rakell wins face-off versus Elias Pettersson in Maple Leafs zone.
13:57 of 3rd period - Penalty to Jean-Gabriel Pageau is over, Jean-Gabriel Pageau is back on ice.
14:35 of 3rd period - Snap shot by Rickard Rakell.
14:35 of 3rd period - Shot Blocked by Zach Werenski.
14:57 of 3rd period - Wrist shot by John Klingberg.
14:57 of 3rd period - Deflect By Nicholas Baptiste.
14:57 of 3rd period - Stopped by Semyon Varlamov without a rebound.
14:58 of 3rd period - Patrice Cormier wins face-off versus Jean-Gabriel Pageau in Avalanche zone.
15:13 of 3rd period - Icing by Jean-Gabriel Pageau.
15:14 of 3rd period - Jean-Gabriel Pageau wins face-off versus Elias Pettersson in Avalanche zone.
15:45 of 3rd period - Jon Merrill is hit by Andrei Kuzmenko and loses puck.
16:10 of 3rd period - Snap shot by Anthony Duclair.
16:10 of 3rd period - Shot Misses the Net.
17:19 of 3rd period - Backhand shot by Andrei Kuzmenko.
17:19 of 3rd period - Shot Misses the Net.
17:34 of 3rd period - Off-side.
17:35 of 3rd period - Jean-Gabriel Pageau wins face-off versus Elias Lindholm in neutral zone.
17:50 of 3rd period - Snap shot by Valentin Zykov.
17:50 of 3rd period - Stopped by Semyon Varlamov without a rebound.
17:51 of 3rd period - Elias Pettersson wins face-off versus Ryan O'Reilly in Avalanche zone.
18:03 of 3rd period - Minor Penalty to Evander Kane for Cross-checking.
18:04 of 3rd period - Jean-Gabriel Pageau wins face-off versus Patrice Cormier in Maple Leafs zone.
Goals for this period are 1 for Maple Leafs vs 1 for Avalanche.
Shots for this period are 11 for Maple Leafs vs 11 for Avalanche.